 Dungeon Crawl Stone Soup version 0.16-a0-621-gdc21f72 (webtiles) character file.

209 Herrn the Covered (level 5, -2/33 HPs)
             Began as a Tengu Fighter on Sept 17, 2014.
             Killed from afar by an orc wizard (15 damage)
             ... with a puff of frost
             ... on Level 3 of the Dungeon.
             The game lasted 00:07:19 (2442 turns).

Herrn the Covered (Tengu Fighter)                   Turns: 2442, Time: 00:07:19

HP  -2/33        AC  7     Str 17      XL: 5   Next: 87%
MP   7/7         EV  6     Int  8      God:
Gold 164         SH  9     Dex 14      Spells:  0 memorised,  4 levels left

rFire  + . .     SeeInvis .     a - +0 war axe
rCold  x . .     Clarity  .     b - +0 scale mail
rNeg   . . .     rCorr    .     c - +0 shield
rPois  .         rRot     .     (helmet restricted)
rElec  .         Spirit   .     (no cloak)
SustAb .         Warding  .     (no gloves)
rMut   .         Stasis   +     (boots unavailable)
Gourm  .                        j - amulet of stasis
MR     .....                    (no ring)
                                w - ring of fire

@: not resistant to hostile enchantments, extremely unstealthy
A: able to fly, beak, talons 3
a: Fly


You were on level 3 of the Dungeon.
You were not hungry.

You visited 1 branch of the dungeon, and saw 4 of its levels.

You collected 164 gold pieces.

Inventory:

Hand weapons
 a - a +0 war axe (weapon)
Armour
 b - a +0 scale mail (worn)
 c - a +0 shield (worn)
Comestibles
 d - 5 bread rations
 k - a royal jelly
 l - a slice of pizza
 r - 2 meat rations
 u - 2 rotting chunks of goblin flesh
Scrolls
 e - a scroll of immolation {unknown}
 f - 2 scrolls of identify {unknown}
 i - a scroll of remove curse {unknown}
 q - a scroll of recharging {unknown}
 t - 3 scrolls of fear {unknown}
 v - a scroll of enchant armour {unknown}
 y - a scroll of magic mapping {unknown}
Jewellery
 j - an amulet of stasis (around neck)
 w - a ring of fire (left hand)
Potions
 g - a potion of cancellation {unknown}
 h - a potion of cure mutation {unknown}
 m - a potion of brilliance {unknown}
 n - a potion of agility {unknown}
 o - a potion of lignification {unknown}
 p - a potion of curing
 s - a potion of magic {unknown}
 z - a potion of confusion {unknown}


   Skills:
 * Level 4.2 Fighting
 * Level 3.7 Axes
 + Level 4.2 Armour
 + Level 1.6 Dodging
 + Level 3.6 Shields


You had 4 spell levels left.
You didn't know any spells.

Dungeon Overview and Level Annotations

Branches:
Dungeon (4/15)
 Temple: D:4-7

Altars:
Sif Muna

Annotations:
D:4 Blork the orc


Innate Abilities, Weirdness & Mutations

You can fly.
You have a beak for a mouth.
You have claws for feet.


Message History

The orc wizard points at you and mumbles some strange words.
The magic dart hits you!
The orc wizard points at you and mumbles some strange words.
The magic dart hits you!
You climb upwards.
There is a stone staircase leading down here.
Your shield and scale mail prevent you from hitting the orc wizard.
The orc wizard hits you but does no damage.
The orc wizard mumbles some strange words.
The orc wizard blinks!
You block the orc wizard's attack.
The orc wizard hits you but does no damage.
Drink which item? (? for menu, Esc to quit)
You feel better.
It was a potion of curing.
You block the orc wizard's attack. The orc wizard hits you with a dagger.
You closely miss the orc wizard.
You claw the orc wizard, but do no damage.
The orc wizard hits you but does no damage. x2
The orc wizard casts a spell at you. The puff of frost hits you!
You feel a terrible chill!
You die...

### ..# #.## #..# ##.#
##.#####################
......)........o@oo....#
...####....###########.#
.))# #....#### #.# ..)#
#.......# #.# ##.#
#.......# #.# #.#
##.......# #.# #)#
#...#....# #.# #.#
#...#############.# #.#
#...# #.........#


You could see 2 orc wizards and an orc.

Vanquished Creatures
  2 orc priests (D:3)
  7 adders
  3 worms (D:2)
  A giant gecko (D:2)
  3 oozes (D:2)
  12 orcs
  2 ball pythons (D:3)
  10 bats
  6 hobgoblins
  A giant cockroach (D:1)
  5 goblins
  6 kobolds
  A quokka (D:3)
  6 rats
65 creatures vanquished.

Notes
Turn   | Place    | Note
--------------------------------------------------------------
     0 | D:1      | Herrn, the Tengu Fighter, began the quest for the Orb.
     0 | D:1      | Reached XP level 1. HP: 14/14 MP: 1/1
   425 | D:1      | Reached XP level 2. HP: 19/19 MP: 3/3
   689 | D:2      | Found a deep blue altar of Sif Muna.
   765 | D:2      | Reached XP level 3. HP: 13/23 MP: 4/4
  1437 | D:3      | Reached XP level 4. HP: 29/29 MP: 5/5
  1600 | D:3      | Reached skill level 4 in Fighting
  1600 | D:3      | Reached skill level 1 in Dodging
  1616 | D:3      | Reached XP level 5. HP: 10/33 MP: 7/7
  2435 | D:4      | Noticed Blork the orc
  2438 | D:4      | Noticed an ogre
  2442 | D:3      | Killed from afar by an orc wizard

Action                   |  1- 3 |  4- 6 || total
-------------------------+-------+-------++-------
Melee: War axe           |    78 |    74 ||   152
  Use: Potion            |       |     2 ||     2
  Eat: Chunk             |     1 |     4 ||     5
